 Dungeon Crawl Stone Soup version 0.25.1-2-g60ff931df9 (webtiles) character file.

Game seed: 7139744164907489894

412 DungeonDestroyer the Shield-Bearer (level 6, -2/53 HPs)
             Began as a Gnoll Fighter on Nov 16, 2020.
             Slain by an orc priest
             ... wielding a +0 war axe
              (5 damage)
             ... on level 3 of the Dungeon.
             The game lasted 00:05:25 (3578 turns).

DungeonDestroyer the Shield-Bearer (Gnoll Fighter)  Turns: 3578, Time: 00:05:26

Health: -2/53      AC:  7    Str: 20    XL:     6   Next: 90%
Magic:  9/9        EV:  9    Int: 10    God:
Gold:   99         SH: 11    Dex: 15    Spells: 9/9 levels left

rFire    . . .     SeeInvis .   a - +0 war axe
rCold    . . .     Gourm    .   c - +0 kite shield
rNeg     . . .     Faith    .   b - +0 scale mail
rPois    +         Spirit   .   (no helmet)
rElec    .         Reflect  .   (no cloak)
rCorr    .         Harm     .   (no gloves)
MR       .....                  (no boots)
Stlth    +.........             (no amulet)
HPRegen  0.17/turn              y - ring of poison resistance
MPRegen  0.11/turn              (no ring)

@: mighty
A: distributed training, fangs 1, strong nose
a: no special abilities


You were on level 3 of the Dungeon.
You were full.

You visited 1 branch of the dungeon, and saw 4 of its levels.

You collected 99 gold pieces.

Inventory:

Hand Weapons
 a - a +0 war axe (weapon)
 t - a +2 vampiric trident
Missiles
 e - 10 boomerangs (quivered)
 h - 10 stones
 l - 22 sling bullets
 m - 41 arrows
 o - 18 bolts
Armour
 b - a +0 scale mail (worn)
 c - a +0 kite shield (worn)
Jewellery
 y - a ring of poison resistance (left hand)
Potions
 d - a potion of might
 n - 2 potions of resistance
 s - 3 potions of stabbing
Comestibles
 f - 8 rations


   Skills:
 + Level 6.9 Fighting
 + Level 2.1 Short Blades
 + Level 2.1 Long Blades
 + Level 5.0 Axes
 + Level 2.1 Maces & Flails
 + Level 2.1 Polearms
 + Level 2.1 Staves
 + Level 2.1 Slings
 + Level 2.1 Bows
 + Level 2.1 Crossbows
 + Level 2.1 Throwing
 + Level 6.9 Armour
 + Level 2.1 Dodging
 + Level 2.1 Stealth
 + Level 6.9 Shields
 + Level 2.1 Unarmed Combat
 + Level 2.1 Spellcasting
 + Level 1.6 Conjurations
 + Level 1.6 Hexes
 + Level 1.6 Charms
 + Level 1.6 Summonings
 + Level 1.6 Necromancy
 + Level 1.6 Translocations
 + Level 1.6 Transmutations
 + Level 1.6 Fire Magic
 + Level 1.6 Ice Magic
 + Level 1.6 Air Magic
 + Level 1.6 Earth Magic
 + Level 1.6 Poison Magic
 + Level 2.3 Invocations
 + Level 2.1 Evocations


You had 9 spell levels left.
You didn't know any spells.
Your spell library contained the following spells:

 Spells                   Type           Power        Failure   Level  Hunger
 Magic Dart               Conj           #...         75%         1    ##.....


Dungeon Overview and Level Annotations

Branches:
Dungeon (4/15)
 Temple: D:4-7

Altars:
Kikubaaqudgha
Sif Muna
Vehumet


Innate Abilities, Weirdness & Mutations

Your experience applies equally to all skills.
You have very sharp teeth.
Your uncanny sense of smell can sniff out nearby items.


Message History

* * * LOW HITPOINT WARNING * * *
The howler monkey skeleton hits you.
* * * LOW HITPOINT WARNING * * *
You block the gnoll's attack.
The orc priest hits you with a +0 war axe.
* * * LOW HITPOINT WARNING * * *
You block something's attack. You block the orc wizard's attack.
You climb upwards.
Reactivating autopickup.
There is a stone staircase leading down, spattered with blood here.
Things that are here:
a +0 ring mail; a +0 short sword; a cursed -3 club Unknown command.
Unknown command.
You feel very mighty all of a sudden. Something hits you but does no damage.
Deactivating autopickup; reactivate with Ctrl-A.
The orc wizard misses you.
The orc priest hits you with a +0 war axe.
You die...

#......# ######.#.#......
####......# #....#.#.######.
#.........## #.##.#.#.# #.
#.......#..# #.##.#.#.# #.
#.......##.# #.##.#...# #.
##########.# #.##.##########.
##'#######...........)...
#########......)o{###.#####..)...
........+......o@[# #[..# #..)♣).
#########......)[.# ###.# ##.♣_♣.
#.......[)# #.# #..♣..
######+###'## #.# #.....
#.......##'######.####..###
#.......#.......#....#.## #
###.............#.#.##.#.# #
#...............#.#....#.# #
#............####.#.#..#.# #


You could see an orc priest and an orc wizard (fast).

Vanquished Creatures
  2 ogres (D:3)
  An orc priest (D:3)
  A gnoll shaman (D:3)
  Terence (D:2)
  3 gnolls (D:3)
  6 adders
  A worm (D:3)
  3 dart slugs (D:1)
  3 leopard geckos
  9 orcs
  11 bats
  7 goblins
  6 hobgoblins
  5 jackals
  3 quokkas
  A ball python (D:3)
  5 frilled lizards
  4 kobolds
  6 rats
78 creatures vanquished.

Notes
Turn   | Place    | Note
-------+----------+-------------------------------------------
     0 | D:1      | DungeonDestroyer the Gnoll Fighter began the quest for the
                  | Orb.
     0 | D:1      | Reached XP level 1. HP: 23/23 MP: 1/1
   157 | D:1      | Reached XP level 2. HP: 29/29 MP: 2/2
   433 | D:1      | Reached XP level 3. HP: 35/35 MP: 3/3
   795 | D:2      | Reached skill level 1 in Invocations
   817 | D:2      | Found an ancient bone altar of Kikubaaqudgha.
   819 | D:2      | Found a shimmering blue altar of Sif Muna.
   821 | D:2      | Found a radiant altar of Vehumet.
   824 | D:2      | Identified Vehumet's Volume of Attacks
   973 | D:2      | Reached skill level 1 in Short Blades
   973 | D:2      | Reached skill level 1 in Long Blades
   973 | D:2      | Reached skill level 1 in Maces & Flails
   973 | D:2      | Reached skill level 1 in Polearms
   973 | D:2      | Reached skill level 1 in Staves
   973 | D:2      | Reached skill level 1 in Slings
   973 | D:2      | Reached skill level 1 in Bows
   973 | D:2      | Reached skill level 1 in Crossbows
   973 | D:2      | Reached skill level 1 in Throwing
   973 | D:2      | Reached skill level 1 in Dodging
   973 | D:2      | Reached skill level 1 in Stealth
   973 | D:2      | Reached skill level 1 in Unarmed Combat
   973 | D:2      | Reached skill level 1 in Spellcasting
   973 | D:2      | Reached skill level 1 in Evocations
   973 | D:2      | Reached XP level 4. HP: 41/41 MP: 5/5
  1347 | D:2      | Noticed Terence
  1360 | D:2      | Killed Terence
  1360 | D:2      | Reached skill level 1 in Conjurations
  1360 | D:2      | Reached skill level 1 in Hexes
  1360 | D:2      | Reached skill level 1 in Charms
  1360 | D:2      | Reached skill level 1 in Summonings
  1360 | D:2      | Reached skill level 1 in Necromancy
  1360 | D:2      | Reached skill level 1 in Translocations
  1360 | D:2      | Reached skill level 1 in Transmutations
  1360 | D:2      | Reached skill level 1 in Fire Magic
  1360 | D:2      | Reached skill level 1 in Ice Magic
  1360 | D:2      | Reached skill level 1 in Air Magic
  1360 | D:2      | Reached skill level 1 in Earth Magic
  1360 | D:2      | Reached skill level 1 in Poison Magic
  1664 | D:2      | Reached XP level 5. HP: 47/47 MP: 6/6
  1865 | D:3      | Found a faded altar of an unknown god.
  2810 | D:4      | Noticed an ogre
  2816 | D:4      | Noticed an ogre
  3068 | D:3      | Reached XP level 6. HP: 43/53 MP: 8/8
  3136 | D:3      | Reached skill level 5 in Axes
  3576 | D:4      | HP: 2/53 [orc priest/+0 war axe (2)]
  3578 | D:3      | Slain by an orc priest

Illustrated notes

Levels and vault maps discovered:
D:1:      lightli_arrival_lavapool, layout_loops_ring, dk_noncrumbling_3
D:2:      layout_basic, grunt_temple_overflow_magic_moments, uniq_terence
D:3:      layout_basic, chequers_ecumenical_altar_simple
D:4:      layout_rooms, xom_butterflies, serial_shops, nicolae_shop_stone,
          first_ration

Skill      XL: |  1  2  3  4  5  6 |
---------------+-------------------+-----
Invocations    | 1 2 |  2.3
Short Blades   | 1 2 |  2.1
Long Blades    | 1 2 |  2.1
Maces & Flails | 1 2 |  2.1
Polearms       | 1 2 |  2.1
Staves         | 1 2 |  2.1
Slings         | 1 2 |  2.1
Bows           | 1 2 |  2.1
Crossbows      | 1 2 |  2.1
Throwing       | 1 2 |  2.1
Dodging        | 1 2 |  2.1
Stealth        | 1 2 |  2.1
Unarmed Combat | 1 2 |  2.1
Spellcasting   | 1 2 |  2.1
Evocations     | 1 2 |  2.1
Conjurations   | 1 |  1.6
Hexes          | 1 |  1.6
Charms         | 1 |  1.6
Summonings     | 1 |  1.6
Necromancy     | 1 |  1.6
Translocations | 1 |  1.6
Transmutations | 1 |  1.6
Fire Magic     | 1 |  1.6
Ice Magic      | 1 |  1.6
Air Magic      | 1 |  1.6
Earth Magic    | 1 |  1.6
Poison Magic   | 1 |  1.6
Axes           | 5 |  5.0
Fighting       | |  6.9
Armour         | |  6.9
Shields        | |  6.9

Action                   |  1- 3 |  4- 6 || total
-------------------------+-------+-------++-------
Melee: War axe           |    57 |   157 ||   214
       Bite              |     9 |    12 ||    21
  Use: Potion            |     3 |     3 ||     6
       Scroll            |     1 |     7 ||     8
  Eat: Chunk             |       |     6 ||     6
       Ration            |       |     2 ||     2
Armor: Scale mail        |    26 |    61 ||    87
Dodge: Dodged            |    19 |    89 ||   108
Block: Kite shield       |    36 |   110 ||   146
